 Dungeon Crawl Stone Soup version 0.25-a0-576-g50b708a4c4 (webtiles) character file.

Game seed: 14110341050504735485, levelgen mode: classic

3845 EnegeticOcto the Cleaver (level 9, 0/86 HPs)
             Began as a Deep Dwarf Fighter on Mar 1, 2020.
             Was a Believer of Makhleb.
             Killed by divine providence
             ... invoked by an orc priest
              (10 damage)
             ... on level 8 of the Dungeon.
             The game lasted 00:04:03 (3930 turns).

EnegeticOcto the Cleaver (Deep Dwarf Fighter)       Turns: 3930, Time: 00:04:03

Health: 0/86       AC: 15    Str: 22    XL:     9   Next: 98%
Magic:  8/8        EV: 10    Int: 10    God:    Makhleb [**....]
Gold:   637        SH: 11    Dex: 12    Spells: 8/8 levels left

rFire    + . .     SeeInvis .   a - +0 war axe
rCold    + . .     Gourm    .   c - +0 kite shield
rNeg     . . .     Faith    .   h - +0 plate armour
rPois    .         Spirit   .   (no helmet)
rElec    .         Reflect  .   A - scarf {rC+ rF+}
rCorr    .         Harm     .   l - +1 pair of gloves
MR       +....                  (no boots)
Stlth    ..........             (no amulet)
HPRegen  0.00/turn              f - +5 ring of evasion {=R}
MPRegen  0.11/turn              (no ring)

@: lethally poisoned (0 -> 0), non-regenerating
A: damage resistance, heal wounds, sense surroundings 2, no regeneration
a: Heal Wounds, Minor Destruction, Renounce Religion


You were on level 8 of the Dungeon.
You worshipped Makhleb.
Makhleb was pleased with you.
You were hungry.

You visited 1 branch of the dungeon, and saw 8 of its levels.
You also visited: Sewer and Ossuary.

You collected 637 gold pieces.

Inventory:

Hand Weapons
 a - a +0 war axe (weapon)
Missiles
 x - a throwing net (quivered)
Armour
 c - a +0 kite shield (worn)
 h - a +0 plate armour (worn)
 l - a +1 pair of gloves (worn)
 A - a scarf of resistance (worn)
Jewellery
 f - a +5 ring of evasion (left hand) {=R}
Wands
 o - a wand of scattershot (3)
 w - a wand of flame (1)
Scrolls
 r - 2 scrolls of teleportation {@r2}
 u - 3 scrolls of fear
 y - a scroll of blinking {@r3}
 D - 2 scrolls of magic mapping {@r5}
Potions
 d - 3 potions of heal wounds {@q2}
 g - a potion of cancellation
 j - 2 potions of stabbing {@q5}
 k - 4 potions of might {@q3}
 m - 2 potions of lignification {unknown}
 n - a potion of degeneration
 p - 7 potions of curing {@q1}
 q - 2 potions of mutation {unknown}
 s - a potion of magic {unknown}
 v - 3 potions of haste {unknown}
 C - a potion of flight
 E - a potion of invisibility {unknown}
Comestibles
 e - 10 rations
 t - 7 chunks of flesh


   Skills:
 * Level 7.5 Fighting
 * Level 8.5 Axes
 + Level 6.7 Armour
 + Level 6.6 Shields
 * Level 7.6 Invocations


You had 8 spell levels left.
You didn't know any spells.
Your spell library was empty.

Dungeon Overview and Level Annotations

Branches:
Dungeon (8/15)             Temple (0/1) D:5           Sewer (visited)
Ossuary (visited)
   Lair: D:8-11

Altars:
Cheibriados
Dithmenos
Fedhas
Makhleb
Qazlal
Sif Muna
Trog
Uskayaw
Vehumet
Wu Jian
The Shining One


Innate Abilities, Weirdness & Mutations

You are resistant to damage.
You can heal yourself by infusing magical energy.
You passively map the area around you.
You do not regenerate.


Message History

The gnoll sergeant is severely wounded.
You closely miss the gnoll. You hit the wight but do no damage.
The orc warrior barely misses you. The wight barely misses you.
The gnoll misses you.
The gnoll sergeant hits you but does no damage.
The gnoll barely misses you.
You slash the gnoll sergeant!
You kill the gnoll sergeant!
Makhleb accepts your kill.
You feel better.
You hit the gnoll.
Your shield and plate armour prevent you from hitting the wight.
You block the orc warrior's attack. The wight barely misses you.
The gnoll hits you but does no damage. The gnoll closely misses you.
You hit the gnoll.
The gnoll is severely wounded.
You slash the wight! You block the orc warrior's attack.
The gnoll hits you but does no damage. The wight closely misses you.
The gnoll closely misses you. You block the gnoll's attack.
The orc warrior hits you from afar with a +0 trident!
You hit the gnoll but do no damage.
The gnoll is severely wounded.
You hit the wight but do no damage. The wight hits you but does no damage.
The gnoll hits you with a +0 flail. The gnoll hits you but does no damage.
The orc warrior closely misses you.
You slash the gnoll!
You kill the gnoll!
Makhleb accepts your kill.
You slash the wight!
The orc priest looks encouraged for a moment.
You block the wight's attack. You block the gnoll's attack.
The orc warrior hits you from afar with a +0 trident.
Your shield and plate armour prevent you from hitting the wight.
The wight is almost destroyed.
You block the wight's attack. You block the gnoll's attack.
The orc warrior hits you from afar with a +0 trident!
The orc priest hits you but does no damage.
Your shield and plate armour prevent you from hitting the wight.
The wight is almost destroyed.
You slash the orc priest! You block the wight's attack.
The gnoll barely misses you. You block the orc priest's attack.
The orc warrior hits you but does no damage.
Your shield and plate armour prevent you from hitting the wight.
The wight is almost destroyed.
You hit the orc priest but do no damage.
You block the gnoll's attack. The wight closely misses you.
You block the orc priest's attack.
The orc warrior hits you from afar with a +0 trident!
You closely miss the wight.
The wight is almost destroyed.
Your plate armour prevents you from hitting the orc priest.
You block the gnoll's attack. The wight hits you but does no damage.
You block the orc priest's attack.
The orc warrior hits you but does no damage.
You slash the wight!
You destroy the wight!
Makhleb accepts your kill.
You feel better.
You hit the orc priest. The gnoll barely misses you.
You block the orc priest's attack.
The orc warrior hits you from afar with a +0 trident.
The gnoll hits you but does no damage.
You closely miss the orc priest.
The orc priest is almost dead.
You closely miss the gnoll.
The orc priest hits you but does no damage.
The orc warrior hits you but does no damage.
You block the gnoll's attack.
You closely miss the orc priest.
The orc priest is almost dead.
You slash the gnoll! x2
The orc priest hits you but does no damage.
You block the gnoll's attack. x2
The orc warrior hits you from afar with a +0 trident!
The gnoll hits you but does no damage.
The orc priest calls down the wrath of Beogh upon you.
Pain shoots through your body!
* * * LOW HITPOINT WARNING * * *
You are too injured to fight recklessly!
You are too injured to fight recklessly!
You are too injured to fight recklessly!
You are too injured to fight recklessly!
You are too injured to fight recklessly!
You are too injured to fight recklessly!
You are too injured to fight recklessly!
You are too injured to fight recklessly!
You are too injured to fight recklessly!
You are too injured to fight recklessly!
You are too injured to fight recklessly!
You are too injured to fight recklessly!
You are too injured to fight recklessly!
You are too injured to fight recklessly!
You are too injured to fight recklessly!
You are too injured to fight recklessly!
You are too injured to fight recklessly!
You fail to use your ability.
You block the gnoll's attack.
The gnoll hits you but does no damage. x2
The orc warrior hits you from afar with a +0 trident!
* * * LOW HITPOINT WARNING * * *
The orc priest invokes the aid of Beogh against you.
Beogh smites you!
You die...

........).........).#..<..,
,,
..........................
, .........................
, .(.............#.. .....
,, ........#......# ...#* ,
##.....##.....#####...# , *
###... #.....##.g#).## , ,
##.# #......)gol†..#. , ##
#<.##...#@go)...... #..
#...###........, ##.....##
......... * #..###
#......## ### ###..###*, ,
*### , ,, * * , *


You could see an orc warrior, an iguana, an orc priest and 3 gnolls.

Vanquished Creatures
  A two-headed ogre (D:8)
  Grinder (D:6)
  A hippogriff (D:3)
  A sky beast (D:7)
  An orc warrior (D:8)
  2 ice beasts (D:7)
  2 ogres
  A big kobold (D:7)
  4 bullfrogs
  A gnoll sergeant (D:8)
  A water moccasin zombie (D:6)
  2 scorpions
  6 killer bees (D:8)
  9 wights (D:8)
  4 crimson imps
  2 jellies
  An orc priest (D:7)
  A gnoll shaman (D:7)
  3 hounds
  7 orc wizards
  Terence (D:2)
  An iguana (D:7)
  A worker ant (D:6)
  A killer bee zombie (D:8)
  A hound zombie (D:5)
  A hound skeleton (D:4)
  8 mummies (Ossuary)
  A howler monkey skeleton (D:7)
  15 adders
  5 gnolls
  2 oozes
  An adder skeleton (D:4)
  4 worms
  2 dart slugs (D:4)
  3 leopard geckos
  21 orcs
  2 ball pythons (Sewer)
  7 giant cockroaches
  6 goblins
  5 hobgoblins
  18 jackals
  18 kobolds
  2 quokkas
  5 bats
  8 frilled lizards
  4 hobgoblin zombies (Ossuary)
  4 kobold zombies (Ossuary)
  A quokka skeleton (D:4)
  5 rats
  A plant (Sewer)
205 creatures vanquished.

Vanquished Creatures (others)
  A plant (Sewer)
1 creature vanquished.

Grand Total: 206 creatures vanquished

Notes
Turn   | Place    | Note
-------+----------+-------------------------------------------
     0 | D:1      | EnegeticOcto the Deep Dwarf Fighter began the quest for the
                  | Orb.
     0 | D:1      | Reached XP level 1. HP: 20/20 MP: 1/1
   152 | D:1      | Reached XP level 2. HP: 25/27 MP: 2/2
   251 | D:2      | Found a shimmering blue altar of Sif Muna.
   271 | D:2      | Reached XP level 3. HP: 29/34 MP: 3/3
   379 | D:2      | Reached skill level 3 in Axes
   466 | D:2      | Found an ornate altar of the Wu Jian Council.
   467 | D:2      | Found a shadowy altar of Dithmenos.
   475 | D:2      | Found a bloodstained altar of Trog.
   476 | D:2      | Found a glowing golden altar of the Shining One.
   479 | D:2      | Found a blossoming altar of Fedhas.
   648 | D:2      | Reached XP level 4. HP: 34/42 MP: 4/4
   688 | D:2      | Noticed Terence
   690 | D:2      | Found a stormy altar of Qazlal.
   699 | D:2      | Killed Terence
   872 | D:3      | Noticed a hippogriff
   887 | D:3      | Killed a hippogriff
   887 | D:3      | Reached skill level 4 in Axes
   887 | D:3      | Reached XP level 5. HP: 48/50 MP: 4/4
   887 | D:3      | Reached XP level 6. HP: 54/57 MP: 5/5
  1056 | D:4      | Found a sand-covered staircase.
  1062 | Ossuary  | Entered an ossuary
  1103 | Ossuary  | Reached skill level 5 in Axes
  1131 | Ossuary  | Reached XP level 7. HP: 61/66 MP: 6/6
  1260 | D:4      | Found a glowing drain.
  1283 | Sewer    | Entered a sewer
  2039 | D:4      | Reached skill level 5 in Fighting
  2207 | D:4      | Found a radiant altar of Vehumet.
  2207 | D:4      | Found a burning altar of Makhleb.
  2209 | D:4      | Reached skill level 5 in Armour
  2215 | D:4      | Became a worshipper of Makhleb the Destroyer
  2261 | D:5      | Entered Level 5 of the Dungeon
  2269 | D:5      | Found a staircase to the Ecumenical Temple.
  2542 | D:6      | Noticed Grinder
  2551 | D:6      | Reached skill level 1 in Invocations
  2555 | D:6      | Paralysed by Grinder for 3 turns
  2560 | D:6      | Paralysed by Grinder for 5 turns
  2568 | D:6      | Paralysed by Grinder for 7 turns
  2581 | D:6      | Reached skill level 5 in Shields
  2583 | D:6      | Paralysed by Grinder for 3 turns
  2592 | D:6      | Killed Grinder
  2592 | D:6      | Reached skill level 6 in Axes
  2592 | D:6      | Reached XP level 8. HP: 54/75 MP: 7/9
  2789 | D:6      | Found a snail-covered altar of Cheibriados.
  2789 | D:6      | Found a hide-covered altar of Uskayaw.
  3053 | D:6      | Reached * piety under Makhleb
  3348 | D:7      | Reached skill level 7 in Axes
  3352 | D:7      | Reached skill level 5 in Invocations
  3462 | D:7      | Gained mutation: You passively map the area around you.
                  | [Deep Dwarf growth]
  3462 | D:7      | Reached XP level 9. HP: 68/85 MP: 6/8
  3631 | D:7      | Reached ** piety under Makhleb
  3820 | D:8      | Noticed a two-headed ogre
  3833 | D:8      | HP: 4/85 [two-headed ogre/+0 giant club (8)]
  3844 | D:8      | Killed a two-headed ogre
  3844 | D:8      | Reached skill level 8 in Axes
  3891 | D:8      | Identified the +1 robe of Proximity {rC+}
  3930 | D:8      | Killed from afar by an orc priest

Levels and vault maps discovered:
D:1:      minmay_arrival_widening_spiral_wide, layout_basic,
          minmay_misc_feat_hallway
D:2:      layout_rooms, lemuel_coloured_pillars_altar, lemuel_doored_altar,
          grunt_temple_overflow_open, first_ration, minmay_split_cup_large,
          uniq_terence
D:3:      minmay_diamond_boxcup, layout_basic, uniq_sigmund
D:4:      layout_rooms, grunt_temple_overflow_lords_of_destruction,
          gup_sewer_entry_glass, nicolae_ossuary_entry_monument, minivault_26
D:5:      layout_basic, minmay_temple_entry_glass
D:6:      layout_basic, amethyst_overflow_temple_binary, uniq_grinder
D:7:      layout_rooms
D:8:      layout_cave_pools, kennysheep_mini, basic_altar,
          gammafunk_ghost_mausoleum

Skill      XL: |  1  2  3  4  5  6  7  8  9 |
---------------+----------------------------+-----
Fighting       | 3 4 5 6 7 |  7.5
Axes           | 3 4 5 6 7 8 |  8.5
Armour         | 4 5 6 |  6.7
Shields        | 4 5 6 |  6.6
Invocations    | 2 5 7 |  7.6

Action                   |  1- 3 |  4- 6 |  7- 9 || total
-------------------------+-------+-------+-------++-------
Melee: War axe           |    89 |   109 |   436 ||   634
 Abil: Heal Wounds       |       |     4 |    19 ||    23
  Use: Scroll            |       |     2 |    14 ||    16
  Eat: Chunk             |       |     1 |    10 ||    11
Armor: Scale mail        |    50 |    38 |   148 ||   236
       Plate armour      |       |       |   101 ||   101
Dodge: Dodged            |    72 |    72 |   345 ||   489
Block: Kite shield       |    57 |    68 |   359 ||   484

Table legend:
 A = Non-vault XP
 B = Vault XP
 C = Vault XP percentage of total XP
 D = Non-vault monster count
 E = Vault monster count
 F = Vault count percentage of total count
                 A         B        C        D         E       F
            +---------+---------+-------+---------+---------+-------
      Total |    4584 |     910 |  16.6 |     145 |      59 |  28.9
            +---------+---------+-------+---------+---------+-------
        D:1 |      29 |       0 |   0.0 |      18 |       0 |   0.0
        D:2 |      58 |      51 |  46.8 |      16 |       5 |  23.8
        D:3 |      11 |     272 |  96.1 |       4 |      10 |  71.4
        D:4 |     299 |      80 |  21.1 |      13 |       5 |  27.8
        D:5 |      25 |       0 |   0.0 |       3 |       0 |   0.0
        D:6 |     573 |     277 |  32.6 |      24 |       1 |   4.0
        D:7 |    1249 |       0 |   0.0 |      39 |       0 |   0.0
        D:8 |    2340 |       0 |   0.0 |      28 |       0 |   0.0
      Sewer |       0 |      69 | 100.0 |       0 |      22 | 100.0
    Ossuary |       0 |     161 | 100.0 |       0 |      16 | 100.0
            +---------+---------+-------+---------+---------+-------
